 Dungeon Crawl Stone Soup version 0.22.1-1-ga44c0e5 (webtiles) character file.

529237 aMcNicky the Executioner (level 24, -1/226 HPs)
             Began as a Minotaur Fighter on Sept 22, 2018.
             Was a High Priest of Nemelex Xobeh.
             Slain by a spark wasp (8 damage)
             ... in a wizard's laboratory on Oct 1, 2018.
             The game lasted 03:54:52 (59284 turns).

aMcNicky the Executioner (Minotaur Fighter)        Turns: 59284, Time: 03:54:53

Health: -1/226     AC: 51    Str: 37      XL:     24   Next: 37%
Magic:  34/34      EV:  2    Int:  8 (9)  God:    Nemelex Xobeh [*****.]
Gold:   1240       SH:  0    Dex: 15      Spells: 23/23 levels left

rFire    + . .     SeeInvis .   a - +9 executioner's axe (chop)
rCold    . . .     Gourm    .   (shield currently unavailable)
rNeg     + + +     Faith    .   T - +12 crystal plate armour of Sif Muna's Esteem {rN+ Str+6 Int-5}
rPois    ∞         Spirit   .   (helmet restricted)
rElec    .         Reflect  .   m - +2 cloak
rCorr    .         Harm     .   D - +2 pair of gloves of the Sailor {*Slow rPois rC- Int+9}
MR       +....                  k - +2 pair of boots {run}
Stlth    ..........             U - amulet of Nengirug {+Rage rF+ Dex+3}
HPRegen  0.47/turn              G - ring of protection from fire
MPRegen  0.24/turn              i - ring of protection from cold

@: lethally poisoned (-1 -> -1), petrified, fire vulnerable, slowed, quick
A: retaliatory headbutt, horns 2, talons 2
}: 3/15 runes: serpentine, barnacled, silver
a: Triple Draw, Deal Four, Stack Five, Renounce Religion, Evoke Berserk Rage


You were in a wizard's laboratory.
You worshipped Nemelex Xobeh.
Nemelex Xobeh was extremely pleased with you.
You were not hungry.

You visited 9 branches of the dungeon, and saw 44 of its levels.
You visited 1 bazaar.
You also visited: Labyrinth, Ice Cave, Wizlab and Desolation.

You collected 5101 gold pieces.
You spent 3861 gold pieces at shops.

Inventory:

Hand Weapons
 a - a +9 executioner's axe of chopping (weapon)
 b - the +8 trident of Disgust {freeze, rF- MR++ Int+8}
   (You found it on level 1 of the Snake Pit)

   It has been specially enchanted to freeze those struck by it, causing extra
   injury to most foes and up to half again as much damage against particularly
   susceptible opponents.
   It can also slow down cold-blooded creatures.
   It affects your intelligence (+8).
   It makes you vulnerable to fire.
   It affects your resistance to hostile enchantments.
Armour
 k - a +2 pair of boots of running (worn)
 m - a +2 cloak (worn)
 D - the +2 pair of gloves of the Sailor (worn) {*Slow rPois rC- Int+9}
   (You bought it in a shop on level 2 of the Orcish Mines)

   It affects your intelligence (+9).
   It makes you vulnerable to cold.
   It protects you from poison.
   It may slow you when you take damage.
 T - the +12 crystal plate armour of Sif Muna's Esteem (worn) {rN+ Str+6 Int-5}
   (You bought it in a shop on level 2 of the Orcish Mines)

   It affects your strength (+6).
   It affects your intelligence (-5).
   It protects you from negative energy.
Jewellery
 i - a ring of protection from cold (right hand)
 w - an uncursed ring of protection from magic
 G - a ring of protection from fire (left hand)
 U - the amulet of Nengirug (around neck) {+Rage rF+ Dex+3}
   (You bought it in a shop on level 2 of the Snake Pit)

   [amulet of rage]

   It affects your dexterity (+3).
   It protects you from fire.
   It lets you go berserk.
Wands
 c - a wand of polymorph (27)
 B - a wand of paralysis (14)
 N - a wand of enslavement (33)
Scrolls
 e - 10 scrolls of magic mapping
 g - 20 scrolls of remove curse {@r2}
 j - 23 scrolls of teleportation
 l - 7 scrolls of immolation
 n - 9 scrolls of enchant armour
 s - 3 scrolls of fog
 x - 14 scrolls of fear
 A - 5 scrolls of blinking
 F - 3 scrolls of enchant weapon
 Q - 2 scrolls of identify {@r1}
Potions
 d - 16 potions of curing {@q1}
 h - 2 potions of berserk rage
 o - 5 potions of haste
 u - 5 potions of heal wounds
 v - 2 potions of cancellation
 z - 3 potions of might
 E - 2 potions of mutation
 K - 4 potions of flight
 M - 5 potions of lignification
 P - 3 potions of agility
 R - a potion of invisibility
Miscellaneous
 p - a legendary deck of destruction
 q - a legendary deck of summoning
 r - a legendary deck of destruction {drawn: 2}
 t - an ornate deck of destruction
 y - an ornate deck of destruction
 H - a legendary deck of summoning
 I - a lamp of fire
 J - an ornate deck of escape
 L - an ornate deck of destruction
 S - a legendary deck of escape
 V - a legendary deck of destruction
 W - an ornate deck of destruction
 X - an ornate deck of summoning
 Y - a legendary deck of destruction
 Z - an ornate deck of summoning
Comestibles
 f - 52 rations
 C - 17 chunks of flesh


   Skills:
 + Level 20.8 Fighting
 + Level 23.1 Axes
 + Level 21.0 Armour
 + Level 19.2 Dodging
   Level 7.7 Shields
 + Level 17.8 Invocations
 - Level 9.7 Evocations


You had 23 spell levels left.
You didn't know any spells.
Your spell library contained the following spells:

 Spells                   Type           Power        Failure   Level  Hunger
 Confusing Touch          Hex            #.....       95%         1    ##.....
 Flame Tongue             Conj/Fire      #....        95%         1    ##.....
 Infusion                 Chrm           #...         95%         1    ##.....
 Magic Dart               Conj           #...         95%         1    ##.....
 Sting                    Conj/Pois      #...         95%         1    ##.....
 Summon Small Mammal      Summ           #...         95%         1    ##.....
 Blink                    Tloc           N/A          99%         2    ###....
 Call Imp                 Summ           #.......     99%         2    ###....
 Ensorcelled Hibernation  Hex/Ice        #.....       99%         2    ###....
 Passwall                 Tmut/Erth      #.......     99%         2    ###....
 Poisonous Vapours        Pois/Air       #.....       99%         2    ###....
 Searing Ray              Conj           #.....       99%         2    ###....
 Shroud of Golubria       Chrm/Tloc      #.........   99%         2    ###....
 Slow                     Hex            #.......     99%         2    ###....
 Song of Slaying          Chrm           #.......     99%         2    ###....
 Sublimation of Blood     Necr           #.........   99%         2    ###....
 Swiftness                Chrm/Air       #.......     99%         2    ###....
 Throw Flame              Conj/Fire      #.....       99%         2    ###....
 Call Canine Familiar     Summ           #.......     100%        3    ####...
 Confuse                  Hex            #.......     100%        3    ####...
 Conjure Flame            Conj/Fire      #.......     100%        3    ####...
 Dazzling Spray           Conj/Hex       #.....       100%        3    ####...
 Gell's Gravitas          Tloc           #.........   100%        3    ####...
 Ignite Poison            Fire/Tmut/Pois #.......     100%        3    ####...
 Inner Flame              Hex/Fire       #.......     100%        3    ####...
 Mephitic Cloud           Conj/Pois/Air  #.......     100%        3    ####...
 Regeneration             Chrm/Necr      #.........   100%        3    ####...
 Spectral Weapon          Hex/Chrm       #.......     100%        3    ####...
 Summon Guardian Golem    Hex/Summ       #.......     100%        3    ####...
 Cause Fear               Hex            #.........   100%        4    #####..
 Force Lance              Conj/Tloc      #.......     100%        4    #####..
 Fulminant Prism          Conj/Hex       #.........   100%        4    #####..
 Iskenderun's Mystic Bla  Conj           #.......     100%        4    #####..
 Olgreb's Toxic Radiance  Pois           #.......     100%        4    #####..
 Passage of Golubria      Tloc           N/A          100%        4    #####..
 Petrify                  Tmut/Erth      #.......     100%        4    #####..
 Sticky Flame             Conj/Fire      #.......     100%        4    #####..
 Summon Ice Beast         Ice/Summ       #.......     100%        4    #####..
 Summon Lightning Spire   Summ/Air       #.......     100%        4    #####..
 Alistair's Intoxication  Tmut/Pois      #.......     100%        5    ######.
 Bolt of Magma            Conj/Fire/Erth #.........   100%        5    ######.
 Borgnjor's Vile Clutch   Necr/Erth      #.........   100%        5    ######.
 Fireball                 Conj/Fire      #.........   100%        5    ######.
 Irradiate                Conj/Tmut      #.........   100%        5    ######.
 Iskenderun's Battlesphe  Conj/Chrm      #.......     100%        5    ######.
 Lee's Rapid Deconstruct  Erth           #.........   100%        5    ######.
 Metabolic Englaciation   Hex/Ice        #.........   100%        5    ######.
 Silence                  Hex/Air        #.........   100%        5    ######.
 Venom Bolt               Conj/Pois      #.........   100%        5    ######.
 Yara's Violent Unravell  Hex/Tmut       #.........   100%        5    ######.
 Bolt of Fire             Conj/Fire      #.........   100%        6    #######
 Darkness                 Hex            #.........   100%        6    #######
 Deflect Missiles         Chrm/Air       #.........   100%        6    #######
 Freezing Cloud           Conj/Ice/Air   #.........   100%        6    #######
 Invisibility             Hex            #.......     100%        6    #######
 Iron Shot                Conj/Erth      #.........   100%        6    #######
 Shadow Creatures         Summ           N/A          100%        6    #######
 Orb of Destruction       Conj           #.........   100%        7    #######
 Ring of Flames           Chrm/Fire      #.........   100%        7    #######
 Spellforged Servitor     Conj/Summ      #.........   100%        7    #######
 Discord                  Hex            #.........   100%        8    #######
 Ignition                 Fire           #.........   100%        8    #######


Dungeon Overview and Level Annotations

Branches:
Dungeon (15/15)            Temple (1/1) D:4            Lair (6/6) D:11
 Shoals (4/4) Lair:4        Snake (4/4) Lair:3        Slime (0/5) Lair:5
    Orc (2/2) D:11            Elf (2/3) Orc:2        Vaults (5/5) D:13
  Crypt (0/3) Vaults:2     Depths (5/5) D:15            Zot (0/5) Depths:5

Altars:
Ashenzari
Cheibriados
Dithmenos
Elyvilon
Fedhas
Gozag
Hepliaklqana
Kikubaaqudgha
Makhleb
Nemelex Xobeh
Okawaru
Qazlal
Ru
Sif Muna
Trog
Uskayaw
Vehumet
Wu Jian
Xom
Yredelemnul
Zin
The Shining One
Beogh

Shops:
D:8 ?   D:11 (*[(   D:14 *   D:15 *   Orc:2 [?[!   Elf:2 (   Snake:2 =}=
Vaults:2 :   Vaults:3 !

Portals:
Hell: Lair:6 Depths:1 Depths:2 Depths:3 Depths:4 Depths:5
Abyss: Depths:1
Pandemonium: Depths:1 Depths:2 Depths:3
Ziggurat: Depths:4

Annotations:
D:9 4 runed doors
Lair:5 exclusion: 2 oklob plants


Innate Abilities, Weirdness & Mutations

You reflexively headbutt those who attack you in melee.
You have a pair of horns on your head.
You have razor-sharp toenails.


Message History

Helpless, you fail to dodge the freezing blast.
* * * LOW HITPOINT WARNING * * *
The spark wasp is engulfed in freezing vapours.
The spark wasp stings you!!
* * * LOW HITPOINT WARNING * * *
The spark wasp shocks you!
* * * LOW HITPOINT WARNING * * *
You are engulfed in freezing vapours.
* * * LOW HITPOINT WARNING * * *
The spark wasp is engulfed in freezing vapours.
The spark wasp stings you but does no damage.
You are engulfed in freezing vapours.
The spark wasp is engulfed in freezing vapours.
The spark wasp stings you but does no damage.
The spark wasp is engulfed in freezing vapours.
The spark wasp stings you!
* * * LOW HITPOINT WARNING * * *
The spark wasp shocks you!
You die...
Your body glows with a rainbow of weird colours and disappears.

## .# §. §§§§#
##+## #§§.§§.
##...##
.§§.§§###.....##
#§.....#§§§....#
§§...#'§@§§.∩.+
#.§§...#§§y.†..#
##.§..§##.2.[.##
####.§§ ##...##
## ##§## ## §.§§
# §....§
....§§.§
#.§.§.§§.#


You could see a blizzard demon and a spark wasp (berserk).

Vanquished Creatures
  2 ancient liches (Vaults:5)
  Boris (Depths:5)
  Margery (Depths:5)
  4 golden dragons
  Vashnia (Snake:2)
  A bone dragon (Depths:5)
  4 tentacled monstrosities
  5 liches
  2 quicksilver dragons
  Asterion (Snake:2)
  A kraken (Shoals:3)
  The ghost of Malog the Peltast, an adept FoHu of Fedhas (Depths:1)
  4 sphinxes
  4 shadow dragons (Vaults:5)
  6 tengu reavers
  2 storm dragons
  2 nagarajas (Snake:4)
  Ilsuiw (Shoals:3)
  5 fire giants
  A revenant (Vaults:2)
  9 vault wardens
  3 iron dragons
  2 deep elf sorcerers (Vaults:5)
  A ghost moth (Depths:5)
  7 frost giants
  A draconian scorcher (Depths:5)
  A balrug (Depths:5)
  A juggernaut skeleton (D:15)
  9 ironheart preservers
  An emperor scorpion (Shoals:4)
  2 spriggan defenders
  4 very ugly things (Depths:1)
  9 stone giants
  2 war gargoyles (Vaults:5)
  An entropy weaver (Depths:3)
  3 deep elf annihilators
  A green draconian (Depths:5)
  A vampire knight (Depths:4)
  7 spark wasps
  A minotaur (Lab)
  2 black draconians (Depths:5)
  2 red draconians (Depths:5)
  A yellow draconian (Depths:5)
  A purple draconian (Depths:5)
  2 merfolk javelineers (Shoals:3)
  Snorg (D:10)
  2 jiangshi (Vaults:2)
  A crystal guardian (Vaults:4)
  10 ettins
  2 blizzard demons (Depths:1)
  2 merfolk impalers (Shoals:4)
  13 yaktaur captains
  11 fire dragons
  2 deep elf high priests
  10 great orbs of eyes
  8 rakshasas
  5 spriggan air magi
  Harold (D:10)
  39 vault guards
  7 hydras
  A ghost crab (WizLab)
  3 ragged hierophants (Desolation)
  Fannar (D:10)
  12 ice dragons
  16 naga warriors
  2 catoblepae (D:15)
  7 centaur warriors
  4 merfolk avatars
  6 anacondas
  A satyr (Depths:5)
  2 merfolk aquamancers
  10 ogre magi
  29 two-headed ogres
  A vampire mage (Depths:1)
  4 death yaks (Lair:6)
  2 alligators (Shoals:4)
  10 deep troll shamans
  7 tengu warriors
  2 death knights
  5 dancing weapons (Elf:1)
  A hell hog (Depths:3)
  2 sun demons (Depths:5)
  11 hell knights
  14 deep troll earth magi
  6 shock serpents
  8 spriggan berserkers
  3 orc high priests (Orc:2)
  4 soul eaters
  12 deep elf knights
  27 naga sharpshooters
  A salamander mystic (Snake:3)
  5 iron trolls
  5 skeletal warriors (D:15)
  5 unseen horrors
  7 wizards
  A glowing orange brain (Depths:3)
  20 sea snakes
  29 deep trolls
  5 flayed ghosts
  A kraken simulacrum (Shoals:4)
  A swamp dragon (shapeshifter) (Vaults:5)
  17 harpies
  9 deep elf archers
  A tengu zombie (D:15)
  A harpy (shapeshifter) (Vaults:4)
  4 naga ritualists
  10 orc knights
  10 ironbrand convokers
  12 mana vipers
  2 phantasmal warriors (Vaults:5)
  7 necromancers
  A tengu skeleton (Vaults:3)
  47 deep elf magi
  A mana viper (shapeshifter) (Depths:1)
  4 orc sorcerers
  4 fauns
  6 cyclopes
  33 ugly things
  11 elephants
  10 manticores
  4 salamanders
  A wolf spider (Vaults:4)
  A human zombie (Vaults:3)
  11 merfolk sirens
  36 black mambas
  23 naga magi
  2 gargoyles
  A spriggan zombie (D:15)
  An apocalypse crab (WizLab)
  11 spiny frogs
  A torpor snail (Depths:3)
  13 vault sentinels
  5 orange demons
  3 guardian serpents
  7 rime drakes
  2 water nymphs (Shoals:4)
  A molten gargoyle (Desolation)
  A hellion (Depths:3)
  2 rime drakes (shapeshifter)
  An efreet (Lair:6)
  3 kobold demonologists
  A komodo dragon (shapeshifter) (Vaults:5)
  7 komodo dragons
  29 yaktaurs
  8 freezing wraiths
  3 red devils
  A spriggan skeleton (D:15)
  A hellwing (Lair:6)
  6 trolls
  4 ice devils
  8 tengu conjurers
  14 polar bears
  2 tyrant leeches
  17 merfolk
  A queen bee (Lair:5)
  A jumping spider (shapeshifter) (Vaults:4)
  A meliai (Lair:5)
  2 saltlings (Desolation)
  A wind drake (shapeshifter) (Vaults:3)
  A blink frog (shapeshifter) (Vaults:3)
  3 wind drakes
  A tengu simulacrum (Depths:1)
  6 hornets
  Prince Ribbit (D:5)
  14 slime creatures
  14 hippogriffs
  A fire giant simulacrum (Depths:1)
  7 snapping turtles
  9 dream sheep
  11 blink frogs
  A frost giant simulacrum (Depths:1)
  A vampire (D:13)
  A hippogriff (shapeshifter) (Depths:2)
  3 spriggans
  6 wraiths
  8 redbacks (D:13)
  9 water elementals
  A spriggan (shapeshifter) (Vaults:1)
  Sigmund (D:2)
  4 hogs (D:15)
  5 air elementals
  A wyvern (D:13)
  A shadow (D:14)
  A tarantella (shapeshifter) (D:14)
  3 fire elementals
  3 basilisks
  A hungry ghost (D:12)
  55 yaks
  2 steam dragons (Lair:5)
  A steam dragon (shapeshifter) (Depths:1)
  6 wargs
  55 nagas
  20 water moccasins
  3 hell hounds (Lair:6)
  7 porcupines
  A black bear (Lair:2)
  A deep troll simulacrum (Depths:1)
  24 orc warriors
  2 eyes of draining
  35 ogres
  16 ice beasts
  5 sky beasts
  An elf zombie (Vaults:3)
  19 boggarts
  28 wolves
  16 centaurs
  18 crocodiles
  2 big kobolds
  18 bullfrogs
  A scorpion (D:9)
  2 water moccasin skeletons
  An orc simulacrum (Vaults:1)
  45 killer bees
  4 howler monkeys
  2 bullfrog skeletons
  2 bullfrog zombies
  2 centaur zombies
  6 crimson imps
  A yaktaur simulacrum (Depths:1)
  31 orc wizards
  Crazy Yiuf (D:2)
  18 orc priests
  6 hounds
  An iron imp (Depths:3)
  6 jellies
  7 centaur skeletons
  Jessica (D:7)
  2 iguanas
  2 hell rats (Lair:5)
  6 worker ants
  2 centaur simulacra (D:12)
  A hound zombie (D:10)
  A hound skeleton (D:5)
  3 worker ant zombies
  10 gnolls
  15 adders
  6 shadow imps
  3 white imps
  3 ufetubi
  An ooze (shapeshifter) (Depths:1)
  An adder skeleton (D:5)
  2 worms
  2 dart slugs (D:1)
  5 leopard geckos
  66 orcs
  2 ball pythons
  4 giant cockroaches
  5 hobgoblins
  8 jackals
  23 kobolds
  5 quokkas
  7 bats
  7 frilled lizards
  4 goblins
  A jackal skeleton (D:5)
  A leopard gecko skeleton (D:4)
  A quokka skeleton (D:8)
  10 rats
  6 fungi
  4 plants
  5 tentacles
  A withered plant (D:15)
1772 creatures vanquished.

Vanquished Creatures (collateral kills)
  Kirke (D:15)
  2 nagarajas (Snake:4)
  A fire dragon (Depths:3)
  2 merfolk impalers
  3 naga warriors (Snake:4)
  A hydra (Lair:4)
  A deep troll shaman (Depths:1)
  2 death yaks (IceCv)
  A naga sharpshooter (Snake:4)
  2 skeletal warriors (D:15)
  An iron troll (Depths:1)
  A deep troll (Depths:3)
  Pikel (D:9)
  3 ugly things (D:14)
  A merfolk siren (Shoals:3)
  A naga mage (Snake:4)
  A black mamba (Snake:1)
  A tengu conjurer (D:11)
  2 meliai (Lair:5)
  2 polar bears
  A queen bee (D:9)
  A hornet (D:11)
  A tarantella (D:15)
  4 nagas
  2 water moccasins (Lair:4)
  A slave (D:9)
  A sky beast (D:10)
  A black bear (D:10)
  A wolf (IceCv)
  A big kobold (D:10)
  A gnoll sergeant (D:9)
  15 killer bees
  A howler monkey (D:10)
  A jelly (D:10)
  A gnoll (D:9)
  2 kobolds (D:10)
  A plant (Lair:4)
66 creatures vanquished.

Vanquished Creatures (others)
  A sphinx (Vaults:4)
  A two-headed ogre (D:10)
  A deep elf knight (Elf:1)
  A necromancer (Depths:3)
  A deep elf archer (Elf:2)
  2 deep elf magi
  Maurice (D:10)
  A vault sentinel (Vaults:5)
  2 humans (D:15)
  A slave (D:9)
  An ice beast (D:10)
  A wolf (IceCv)
  A boggart (Vaults:3)
  4 killer bees (D:10)
  An orc priest (Orc:2)
  An orc wizard (Orc:2)
  A worker ant (D:9)
  A ball lightning (Lair:6)
  3 orcs
  2 fungi (Lair:6)
  28 plants
  7 tentacles
  A withered plant (D:15)
64 creatures vanquished.

Grand Total: 1902 creatures vanquished

Notes
Turn   | Place    | Note
-------+----------+-------------------------------------------
     0 | D:1      | aMcNicky the Minotaur Fighter began the quest for the Orb.
     0 | D:1      | Reached XP level 1. HP: 19/19 MP: 0/0
    73 | D:1      | Reached skill level 3 in Axes
    76 | D:1      | Reached XP level 2. HP: 25/26 MP: 1/1
   491 | D:1      | Reached XP level 3. HP: 31/31 MP: 2/2
   797 | D:2      | Reached skill level 4 in Axes
  1063 | D:2      | Noticed Sigmund
  1070 | D:2      | Killed Sigmund
  1070 | D:2      | Reached skill level 5 in Axes
  1070 | D:2      | Reached skill level 5 in Shields
  1070 | D:2      | Reached XP level 4. HP: 39/39 MP: 3/3
  1070 | D:2      | Reached XP level 5. HP: 45/45 MP: 4/4
  1108 | D:2      | Reached skill level 6 in Axes
  1371 | D:2      | Found a runed door.
  1457 | D:2      | Found a shadowy altar of Dithmenos.
  1874 | D:2      | Noticed Crazy Yiuf
  1880 | D:2      | Killed Crazy Yiuf
  1921 | D:3      | Found a sacrificial altar of Ru.
  1961 | D:3      | Reached XP level 6. HP: 51/51 MP: 5/5
  2581 | D:4      | Reached skill level 7 in Axes
  2912 | D:4      | Reached XP level 7. HP: 45/57 MP: 6/6
  3166 | D:4      | Found a staircase to the Ecumenical Temple.
  3620 | D:5      | Entered Level 5 of the Dungeon
  3620 | D:5      | Noticed Prince Ribbit
  3638 | D:5      | Killed Prince Ribbit
  3638 | D:5      | Reached skill level 8 in Axes
  3947 | D:5      | Reached skill level 9 in Axes
  4049 | D:5      | Reached XP level 8. HP: 57/64 MP: 7/7
  4415 | Temple   | Entered the Ecumenical Temple
  4618 | Temple   | Became a worshipper of Nemelex Xobeh the Trickster
  4686 | D:6      | Received a gift from Nemelex Xobeh
  5036 | D:6      | Found a hide-covered altar of Uskayaw.
  5037 | D:6      | Found a blossoming altar of Fedhas.
  5247 | D:7      | Reached * piety under Nemelex Xobeh
  5288 | D:7      | Received a gift from Nemelex Xobeh
  5412 | D:7      | Reached skill level 10 in Axes
  5414 | D:7      | Found a hazy altar of Hepliaklqana.
  5466 | D:7      | Noticed Jessica
  5469 | D:7      | Killed Jessica
  5474 | D:7      | Found a deep blue altar of Sif Muna.
  5619 | D:8      | Reached skill level 1 in Dodging
  5624 | D:8      | Reached skill level 1 in Invocations
  5876 | D:8      | Reached skill level 5 in Fighting
  5918 | D:8      | Reached skill level 5 in Armour
  5919 | D:8      | Reached XP level 9. HP: 60/74 MP: 6/9
  6129 | D:8      | Found a stormy altar of Qazlal.
  6146 | D:8      | Found Gudgh's Magic Scroll Boutique.
  6305 | D:8      | Bought a scroll of teleportation for 42 gold pieces
  6305 | D:8      | Bought a scroll of teleportation for 42 gold pieces
  6718 | D:9      | Received a gift from Nemelex Xobeh
  6836 | D:9      | Noticed Pikel
  6841 | D:9      | Reached skill level 11 in Axes
  6842 | D:9      | Killed Pikel
  6937 | D:9      | Noticed a queen bee
  6959 | D:9      | Killed a queen bee
  6998 | D:9      | HP: 3/77 [killer bee (4)]
  7409 | D:9      | Reached ** piety under Nemelex Xobeh
  7575 | D:9      | Found a basalt altar of Yredelemnul.
  7613 | D:9      | Found a huge runed gate.
  7614 | D:9      | Found a huge runed gate.
  7615 | D:9      | Found a huge runed gate.
  7615 | D:9      | Noticed a death yak
  7615 | D:9      | Noticed a polar bear
  7616 | D:9      | Found a huge runed gate.
  7616 | D:9      | Noticed a polar bear
  7616 | D:9      | Noticed a polar bear
  7623 | D:9      | Noticed a manticore
  7810 | D:9      | Found a snail-covered altar of Cheibriados.
  7899 | D:10     | Entered Level 10 of the Dungeon
  7899 | D:10     | Noticed Harold
  7913 | D:10     | Killed Harold
  7913 | D:10     | Reached skill level 12 in Axes
  7913 | D:10     | Reached XP level 10. HP: 79/84 MP: 10/12
  7921 | D:10     | Noticed Snorg
  7936 | D:10     | Killed Snorg
  8265 | D:10     | Noticed Maurice
  8268 | D:10     | Reached skill level 5 in Dodging
  8268 | D:10     | Killed Maurice
  8354 | D:10     | Noticed a two-headed ogre
  8358 | D:10     | Killed a two-headed ogre
  8493 | D:10     | Reached skill level 5 in Invocations
  8539 | D:10     | Noticed Fannar
  8548 | D:10     | Killed Fannar
  8548 | D:10     | Reached skill level 13 in Axes
  8651 | D:10     | Received a gift from Nemelex Xobeh
  8698 | D:10     | Noticed a two-headed ogre
  8703 | D:10     | Killed a two-headed ogre
  8703 | D:10     | Reached XP level 11. HP: 54/94 MP: 12/14
  8978 | D:10     | Got a jewelled trident
  8979 | D:10     | Identified the +7 trident "Ynurph" {venom, rN+ Str-3 Dex+2}
                  | (You found it on level 10 of the Dungeon)
  9311 | D:11     | Found a staircase to the Orcish Mines.
  9402 | D:11     | Found Zuodonwu's Antique Weapon Shop.
  9429 | D:11     | Found Gunossiy's Armour Shoppe.
  9448 | D:11     | Killed an unseen horror
  9528 | D:11     | Found Zuits's Antique Weapon Shoppe.
  9533 | D:11     | Found Haqar's Assorted Antiques.
  9568 | D:11     | Found a staircase to the Lair.
  9568 | D:11     | Noticed a green ugly thing
  9590 | D:11     | Killed a green ugly thing
  9791 | D:11     | Reached *** piety under Nemelex Xobeh
  9791 | D:11     | Received a gift from Nemelex Xobeh
  9821 | D:11     | Noticed a green ugly thing
  9846 | D:11     | Killed a green ugly thing
 10743 | D:12     | Found a frozen archway.
 10750 | D:12     | Reached skill level 14 in Axes
 10760 | IceCv    | Entered an ice cave
 11325 | IceCv    | Noticed a death yak
 11337 | IceCv    | Killed a death yak
 11366 | IceCv    | Reached XP level 12. HP: 38/104 MP: 16/16
 11704 | IceCv    | Got a spiked chain mail
 11715 | IceCv    | Identified the +13 chain mail of Feneimis {Str+6} (You
                  | found it in an ice cave)
 11797 | IceCv    | Noticed a frost giant
 11797 | IceCv    | Noticed a death yak
 11818 | IceCv    | Killed a death yak
 11828 | IceCv    | Killed a frost giant
 11842 | IceCv    | Reached skill level 15 in Axes
 12433 | D:12     | Noticed a two-headed ogre
 12440 | D:12     | Killed a two-headed ogre
 12440 | D:12     | Reached skill level 10 in Fighting
 12440 | D:12     | Reached skill level 10 in Armour
 12512 | D:12     | Received a gift from Nemelex Xobeh
 13011 | D:12     | Noticed a two-headed ogre
 13016 | D:12     | Killed a two-headed ogre
 13404 | D:13     | Received a gift from Nemelex Xobeh
 13564 | D:13     | Reached **** piety under Nemelex Xobeh
 13585 | D:13     | Noticed an eight-headed hydra
 13596 | D:13     | Killed an eight-headed hydra
 13827 | D:13     | Noticed a centaur warrior
 13831 | D:13     | Noticed a vault guard
 13832 | D:13     | Noticed a vault guard
 13835 | D:13     | Noticed a vault guard
 13836 | D:13     | Noticed a vault guard
 13839 | D:13     | Killed a centaur warrior
 13839 | D:13     | Reached XP level 13. HP: 105/114 MP: 18/18
 14198 | D:13     | Found a gate to the Vaults.
 14248 | D:13     | Received a gift from Nemelex Xobeh
 14254 | D:13     | Found a shadowy altar of Dithmenos.
 14425 | D:14     | Found Kipn's Assorted Antiques.
 14445 | D:14     | Reached skill level 16 in Axes
 14530 | D:14     | Received a gift from Nemelex Xobeh
 14532 | D:14     | Gained mutation: You are frail. (-10% HP) [a neqoxec]
 14831 | D:14     | Received a gift from Nemelex Xobeh
 14849 | D:14     | Reached skill level 10 in Dodging
 15393 | D:15     | Entered Level 15 of the Dungeon
 15443 | D:15     | Noticed Kirke
 15457 | D:15     | Killed Kirke
 15469 | D:15     | Reached XP level 14. HP: 92/113 MP: 20/20
 15668 | D:15     | Received a gift from Nemelex Xobeh
 16399 | D:15     | Noticed Louise
 16400 | D:15     | Noticed Louise
 16400 | D:15     | Louise changed into Louise the great orb of eyes
 16400 | D:15     | Noticed Louise
 16400 | D:15     | Louise the great orb of eyes changed into Louise the
                  | tarantella
 16412 | D:15     | Killed Louise the tarantella
 16474 | D:15     | Found a staircase to the Depths.
 16493 | D:15     | Reached skill level 10 in Invocations
 16724 | D:15     | Found Vonaom's Assorted Antiques.
 17318 | Lair:1   | Entered Level 1 of the Lair of Beasts
 17337 | Lair:1   | Received a gift from Nemelex Xobeh
 17366 | Lair:1   | Found a stormy altar of Qazlal.
 17402 | Lair:1   | Found a labyrinth entrance.
 17409 | Lab      | Entered a labyrinth
 18068 | Lab      | Reached ***** piety under Nemelex Xobeh
 18520 | Lair:1   | Received a gift from Nemelex Xobeh
 18725 | Lair:1   | Reached skill level 17 in Axes
 19089 | Lair:2   | Reached skill level 1 in Evocations
 19161 | Lair:2   | Received a gift from Nemelex Xobeh
 19161 | Lair:2   | Received a gift from Nemelex Xobeh
 20219 | Lair:3   | Found a staircase to the Snake Pit.
 20695 | Lair:4   | Reached XP level 15. HP: 110/121 MP: 22/22
 20762 | Lair:4   | Received a gift from Nemelex Xobeh
 20972 | Lair:4   | Received a gift from Nemelex Xobeh
 21057 | Lair:4   | Found a staircase to the Shoals.
 21363 | Lair:5   | Received a gift from Nemelex Xobeh
 21419 | Lair:5   | Found a staircase to the Slime Pits.
 21441 | Lair:5   | Received a gift from Nemelex Xobeh
 21745 | Lair:5   | You fall through a shaft!
 21745 | Lair:6   | Entered Level 6 of the Lair of Beasts
 22249 | Lair:6   | Received a gift from Nemelex Xobeh
 22595 | Lair:6   | Found a burning altar of Makhleb.
 22648 | Lair:6   | Found a gateway to Hell.
 23072 | Lair:6   | Lost mutation: You are frail. (-10% HP) [potion of
                  | mutation]
 23072 | Lair:6   | Gained mutation: You have sharp toenails. [potion of
                  | mutation]
 23072 | Lair:6   | Gained mutation: You have razor-sharp toenails. [potion of
                  | mutation]
 23258 | Lair:5   | Received a gift from Nemelex Xobeh
 23260 | Lair:5   | Reached XP level 16. HP: 145/145 MP: 23/23
 23261 | Lair:5   | Reached XP level 17. HP: 152/152 MP: 24/24
 23323 | Lair:5   | Got a transparent platinum ring
 23888 | Lair:5   | Identified the ring "Oliheoh" {*Contam rN+ Str+3 Int+4
                  | SInv} (You found it on level 5 of the Lair of Beasts)
 24445 | Orc:1    | Entered Level 1 of the Orcish Mines
 24865 | Orc:2    | Entered Level 2 of the Orcish Mines
 25055 | Orc:2    | Found a roughly hewn altar of Beogh.
 25076 | Orc:2    | Found a staircase to the Elven Halls.
 25559 | Orc:2    | Reached skill level 18 in Axes
 25596 | Orc:2    | Found Peutwusch's Armour Boutique.
 25596 | Orc:2    | Found Agasefo's Distillery.
 25806 | Orc:2    | Found Kuqil's Antique Armour Emporium.
 25806 | Orc:2    | Found Imediona's Magic Scroll Boutique.
 25812 | Orc:2    | Bought a potion of heal wounds for 70 gold pieces
 25812 | Orc:2    | Bought a potion of heal wounds for 70 gold pieces
 25814 | Orc:2    | Bought a pair of shimmering gloves for 237 gold pieces
 25815 | Orc:2    | Bought a scroll of blinking for 112 gold pieces
 25815 | Orc:2    | Bought a scroll of enchant armour for 112 gold pieces
 25817 | Orc:2    | Bought the +12 crystal plate armour of Sif Muna's Esteem
                  | {rN+ Str+6 Int-5} for 1876 gold pieces
 25837 | Orc:2    | Identified the +2 pair of gloves of the Sailor {*Slow rPois
                  | rC- Int+9} (You bought it in a shop on level 2 of the
                  | Orcish Mines)
 26106 | Snake:1  | Entered Level 1 of the Snake Pit
 26214 | Snake:1  | Reached XP level 18. HP: 139/161 MP: 25/25
 26222 | Snake:1  | Got an ancient trident
 26223 | Snake:1  | Identified the +8 trident of Disgust {freeze, rF- MR++
                  | Int+8} (You found it on level 1 of the Snake Pit)
 26324 | Snake:1  | Received a gift from Nemelex Xobeh
 27183 | Snake:1  | Received a gift from Nemelex Xobeh
 27204 | Snake:1  | Identified a scroll of acquirement
 28133 | Snake:2  | Noticed Asterion
 28145 | Snake:2  | Killed Asterion
 28421 | Snake:2  | Found Mualac's Jewellery Emporium.
 28423 | Snake:2  | Found Sofyodefu's Jewellery Emporium.
 28425 | Snake:2  | Found Inepaloc's Gadget Shop.
 28526 | Snake:2  | Noticed Vashnia
 28541 | Snake:2  | Killed Vashnia
 28541 | Snake:2  | Reached skill level 15 in Armour
 28859 | Snake:3  | Reached skill level 15 in Fighting
 29872 | Snake:3  | Received a gift from Nemelex Xobeh
 30495 | Snake:4  | Entered Level 4 of the Snake Pit
 30624 | Snake:4  | Received a gift from Nemelex Xobeh
 31119 | Snake:4  | Reached XP level 19. HP: 107/170 MP: 27/27
 31399 | Snake:4  | Reached skill level 19 in Axes
 32173 | Snake:4  | Got a serpentine rune of Zot
 32718 | Vaults:1 | Entered Level 1 of the Vaults
 32997 | Vaults:1 | Received a gift from Nemelex Xobeh
 33435 | Vaults:1 | Received a gift from Nemelex Xobeh
 34212 | Vaults:1 | Received a gift from Nemelex Xobeh
 34654 | Vaults:2 | Found Ironu's Book Emporium.
 35000 | Vaults:2 | Found a ruined gateway.
 35009 | Desolati | Entered the Desolation of Salt
 35071 | Vaults:2 | Received a gift from Nemelex Xobeh
 35584 | Vaults:2 | Found a staircase to the Crypt.
 36069 | Vaults:2 | Received a gift from Nemelex Xobeh
 36398 | D:14     | Identified a +0 pair of boots of running (You found it on
                  | level 14 of the Dungeon)
 36656 | Shoals:1 | Entered Level 1 of the Shoals
 36666 | Shoals:1 | Received a gift from Nemelex Xobeh
 36777 | Shoals:1 | Received a gift from Nemelex Xobeh
 36989 | Shoals:1 | Reached ****** piety under Nemelex Xobeh
 37587 | Shoals:3 | Received a gift from Nemelex Xobeh
 37607 | Shoals:3 | Noticed Ilsuiw
 37618 | Shoals:3 | Reached skill level 15 in Dodging
 37661 | Shoals:3 | Killed Ilsuiw
 37883 | Shoals:3 | Reached XP level 20. HP: 171/182 MP: 29/29
 38141 | Shoals:4 | Entered Level 4 of the Shoals
 38150 | Shoals:4 | Received a gift from Nemelex Xobeh
 38572 | Shoals:4 | Identified a +2 pair of boots of running (You found it on
                  | level 4 of the Shoals)
 38957 | Shoals:4 | Received a gift from Nemelex Xobeh
 39216 | Shoals:4 | Got a barnacled rune of Zot
 39371 | Shoals:2 | Reached skill level 20 in Axes
 39516 | Shoals:2 | Received a gift from Nemelex Xobeh
 40378 | Vaults:3 | Received a gift from Nemelex Xobeh
 40735 | Vaults:3 | Found Kitimeg's Distillery.
 40743 | Vaults:3 | Bought a potion of agility for 72 gold pieces
 40743 | Vaults:3 | Bought a potion of curing for 54 gold pieces
 40743 | Vaults:3 | Bought a potion of heal wounds for 90 gold pieces
 40743 | Vaults:3 | Bought a potion of haste for 180 gold pieces
 41072 | Vaults:3 | Found a radiant altar of Vehumet.
 41346 | Vaults:4 | Paralysed by a sphinx for 5 turns
 41405 | Vaults:4 | Received a gift from Nemelex Xobeh
 41678 | Vaults:4 | Received a gift from Nemelex Xobeh
 42075 | Vaults:4 | Received a gift from Nemelex Xobeh
 42138 | Vaults:4 | Found a flickering gateway to a bazaar.
 42148 | Bazaar   | Entered a bazaar
 42148 | Bazaar   | Found Efe Ozea's Armour Boutique.
 42148 | Bazaar   | Found Tuymypsa's Armour Shop.
 42148 | Bazaar   | Found Afefummue's Weapon Shop.
 42385 | Vaults:4 | Reached XP level 21. HP: 187/192 MP: 31/31
 42602 | Vaults:4 | Reached skill level 15 in Invocations
 43053 | Depths:1 | Entered Level 1 of the Depths
 43145 | Depths:1 | Found a one-way gate to the infinite horrors of the Abyss.
 43199 | Depths:1 | Received a gift from Nemelex Xobeh
 44110 | Depths:1 | Found a one-way gate leading to the halls of Pandemonium.
 44223 | Depths:1 | Found a runed gate.
 44223 | Depths:1 | Found a runed gate.
 44223 | Depths:1 | Found a runed gate.
 44410 | Depths:1 | Received a gift from Nemelex Xobeh
 44426 | Depths:1 | Noticed Malog's ghost (adept FoHu)
 44907 | Depths:1 | Reached skill level 21 in Axes
 46088 | Depths:2 | Found a portal to a secret trove of treasure.
 46356 | Depths:2 | Received a gift from Nemelex Xobeh
 48010 | Depths:3 | Reached XP level 22. HP: 196/204 MP: 32/32
 48326 | Depths:3 | Noticed a golden dragon
 48537 | Depths:3 | Killed a golden dragon
 48962 | Depths:3 | Received a gift from Nemelex Xobeh
 49747 | Depths:3 | Received a gift from Nemelex Xobeh
 49870 | Depths:4 | Noticed a golden dragon
 49881 | Depths:3 | Killed a golden dragon
 51139 | Depths:4 | Found a gateway to a ziggurat.
 51548 | Depths:4 | Received a gift from Nemelex Xobeh
 52687 | Depths:5 | Entered Level 5 of the Depths
 52780 | Depths:5 | Reached skill level 22 in Axes
 52806 | Depths:5 | Noticed a golden dragon
 52822 | Depths:5 | Killed a golden dragon
 53398 | Depths:5 | Received a gift from Nemelex Xobeh
 53712 | Depths:5 | Reached XP level 23. HP: 190/214 MP: 34/34
 54030 | Depths:5 | Received a gift from Nemelex Xobeh
 54039 | Depths:5 | Found a gate to the Realm of Zot.
 54070 | Depths:5 | Noticed Boris
 54076 | Depths:5 | Killed Boris
 54510 | Depths:5 | Noticed Margery
 54524 | Depths:5 | Killed Margery
 54866 | Vaults:5 | Entered Level 5 of the Vaults
 55824 | Vaults:5 | Noticed an ancient lich
 56053 | Vaults:5 | Noticed an ancient lich
 56070 | Vaults:5 | Killed an ancient lich
 56555 | Vaults:5 | Received a gift from Nemelex Xobeh
 56601 | Vaults:5 | Killed an ancient lich
 56636 | Vaults:5 | Reached XP level 24. HP: 206/225 MP: 34/34
 56643 | Vaults:5 | Got a silver rune of Zot
 56648 | Vaults:5 | Got a blackened trident
 56649 | Vaults:5 | Identified the cursed +1 trident of Defilement {vamp,
                  | Dex+2} (You found it on level 5 of the Vaults)
 57164 | Snake:2  | Bought the amulet of Nengirug {+Rage rF+ Dex+3} for 904
                  | gold pieces
 57511 | Depths:1 | Killed Malog's ghost
 57596 | Depths:1 | Got the ring "Gezopru" {Fire}
 57598 | Depths:1 | Identified the ring "Gezopru" {Fire Stlth+} (You found it
                  | on level 1 of the Depths)
 57919 | Elf:1    | Entered Level 1 of the Elven Halls
 58099 | Elf:1    | Reached skill level 23 in Axes
 58519 | Elf:1    | Received a gift from Nemelex Xobeh
 59074 | Elf:2    | Found an ancient bone altar of Kikubaaqudgha.
 59124 | Elf:2    | Received a gift from Nemelex Xobeh
 59174 | Elf:2    | Found Ritsik's Antique Weapon Emporium.
 59241 | Elf:2    | Found a magical portal.
 59246 | WizLab   | Entered The Chambers of the Cloud Mage
 59283 | WizLab   | HP: 9/226 [blizzard demon] (7)]
 59284 | WizLab   | Slain by a spark wasp

Skill      XL: |  1  2  3  4  5  6  7  8  9 10 11 12 13 14 15 16 17 18 19 20 21 22 23 24 |
---------------+-------------------------------------------------------------------------+-----
Axes           | 3 5 6 7 9 10 12 13 14 15 16 17 18 19 20 21 22 23 | 23.1
Shields        | 4 5 6 7 |  7.7
Fighting       | 5 6 7 9 10 12 13 14 15 16 17 18 19 20 | 20.8
Armour         | 5 6 7 9 10 12 13 14 15 16 17 18 19 20 21 | 21.0
Dodging        | 2 4 5 7 9 10 11 12 13 15 16 17 18 19 | 19.2
Invocations    | 2 4 5 6 8 9 10 11 12 13 14 15 16 17 | 17.8
Evocations     | 2 6 7 9 |  9.7

Action                   |  1- 3 |  4- 6 |  7- 9 | 10-12 | 13-15 | 16-18 | 19-21 | 22-24 || total
-------------------------+-------+-------+-------+-------+-------+-------+-------+-------++-------
Melee: War axe           |    86 |   118 |   111 |       |       |       |       |       ||   315
       Headbutt          |    10 |    18 |    49 |   131 |   200 |   180 |   408 |   331 ||  1327
       Battleaxe         |       |       |   167 |   189 |   690 |   393 |       |       ||  1439
       Trident           |       |       |       |   301 |    35 |       |   798 |   749 ||  1883
       Executioner's axe |       |       |       |       |       |   288 |   943 |   546 ||  1777
Invok: Triple Draw       |       |       |       |     1 |       |       |       |       ||     1
       Deal Four         |       |       |       |       |     5 |     6 |     2 |     1 ||    14
Evoke: Deck              |       |       |    12 |    15 |    16 |     1 |    10 |    10 ||    64
       Sack of spiders   |       |       |       |       |       |       |       |     2 ||     2
       Lamp of fire      |       |       |       |       |       |       |       |     1 ||     1
  Use: Potion            |     1 |       |     4 |     1 |     4 |     2 |     1 |     1 ||    14
       Scroll            |       |       |    11 |     1 |    14 |     7 |    14 |     6 ||    53
 Stab: Distracted        |       |       |       |     2 |     1 |     2 |     4 |     4 ||    13
       Petrified         |       |       |       |       |     3 |     1 |     2 |       ||     6
       Invisible         |       |       |       |       |     2 |       |       |       ||     2
       Petrifying        |       |       |       |       |     1 |       |       |       ||     1
       Confused          |       |       |       |       |       |       |     1 |       ||     1
       Held in net/web   |       |       |       |       |       |       |       |     1 ||     1
       Paralysed         |       |       |       |       |       |       |       |     1 ||     1
  Eat: Chunk             |     1 |     2 |    10 |    12 |    18 |     2 |    16 |    10 ||    71
       Ration            |       |     1 |     2 |     2 |     4 |     6 |    12 |     7 ||    34
Armor: Scale mail        |    53 |    33 |       |       |       |       |       |       ||    86
       Chain mail        |       |    20 |    25 |   162 |   410 |    96 |       |       ||   713
       Plate armour      |       |       |   178 |   168 |       |       |       |       ||   346
       Crystal plate arm |       |       |       |       |       |   419 |  1370 |   812 ||  2601
Dodge: Dodged            |    33 |    28 |   119 |   294 |   493 |   481 |  1079 |   645 ||  3172
Block: Shield            |    56 |    60 |    53 |       |       |       |       |       ||   169
